 Dungeon Crawl Stone Soup version 0.29-a0-789-g7a8fcbc185 (webtiles) character file.

Game seed: 4876862932240233603

4994 nicolae the Martial Artist (level 10, -9/91 HPs)
             Began as a Gnoll Transmuter on July 2, 2022.
             Was an Initiate of Gozag.
             Mangled by a two-headed ogre
             ... wielding a +0 giant club
              (27 damage)
             ... on level 8 of the Dungeon.
             The game lasted 00:30:45 (10444 turns).

nicolae the Martial Artist (Gnoll Transmuter)      Turns: 10444, Time: 00:30:46

Health: -9/91      AC:  7    Str:  9    XL:     10   Next: 54%
Magic:  16/21      EV: 16    Int: 15    God:    Gozag
Gold:   865        SH:  5    Dex: 13    Spells: 10/24 levels left

rFire   x . .      SeeInvis +     - Unarmed
rCold   + + +      Faith    .   (shield currently unavailable)
rNeg    . . .      Spirit   .   (body armour currently unavailable)
rPois   +          Reflect  +   (helmet currently unavailable)
rElec   .          Harm     .   (cloak currently unavailable)
rCorr   .          Rampage  .   (gloves currently unavailable)
Will    .....                   (boots currently unavailable)
Stlth   +++.......              a - amulet of reflection
HPRegen 0.25/turn               q - ring of see invisible
MPRegen 0.17/turn               m - +4 ring of evasion

@: ice-form, wereblooded, gold aura
A: freezing attack, amphibious, boosted hp, large, (fangs 1), strong nose,
distributed training, (iridescent scales 1), clumsy 1, MP-powered wands
a: End Transformation, Renounce Religion, Potion Petition, Call Merchant, Bribe
Branch


You were on level 8 of the Dungeon.
You worshipped Gozag.
Gozag was pleased with you.
You were a creature of crystalline ice.
You visited 2 branches of the dungeon, and saw 9 of its levels.
You also visited: Ossuary.

You collected 1114 gold pieces.
You spent 135 gold pieces at shops.
You paid 114 gold pieces to Gozag.

Inventory:

Missiles
 c - 7 javelins
 s - 22 poisoned darts
 v - 2 atropa-tipped darts
 G - 3 throwing nets
Armour
 b - a +0 leather armour of cold resistance (melded)
 e - a +0 pair of boots (melded)
Jewellery
 a - an amulet of reflection (around neck)
 f - a ring of wizardry
 g - a ring of flight
 m - a +4 ring of evasion (right front paw)
 q - a ring of see invisible (left front paw)
 y - an amulet of guardian spirit
 E - a ring of wizardry
Wands
 k - a wand of polymorph (8)
 p - a wand of acid (10)
 r - a wand of iceblast (7)
 u - a wand of flame (15)
Scrolls
 d - a scroll of blinking
 h - 2 scrolls of vulnerability
 i - a scroll of fog
 j - a scroll of summoning
 n - a scroll of immolation
 o - a scroll of noise {unknown}
 t - 4 scrolls of torment
 w - a scroll of amnesia {unknown}
 F - a scroll of fear {unknown}
 H - a scroll of brand weapon
Potions
 l - a potion of cancellation
 x - 3 potions of brilliance
 z - 3 potions of curing
 A - 4 potions of might
 B - a potion of heal wounds
 C - a potion of resistance
 D - a potion of lignification


   Skills:
 + Level 6.2 Fighting
 + Level 5.6 Short Blades
 + Level 5.6 Long Blades
 + Level 5.6 Axes
 + Level 5.6 Maces & Flails
 + Level 5.6 Polearms
 + Level 5.6 Staves
 + Level 5.6 Ranged Weapons
 + Level 5.6 Throwing
 + Level 5.6 Armour
 + Level 7.3 Dodging
 + Level 5.6 Stealth
 + Level 5.6 Shields
 + Level 8.7 Unarmed Combat
 + Level 7.6 Spellcasting
 + Level 4.6 Conjurations
 + Level 4.6 Hexes
 + Level 4.6 Summonings
 + Level 4.6 Necromancy
 + Level 4.6 Translocations
 + Level 6.0 Transmutations
 + Level 4.6 Fire Magic
 + Level 4.6 Ice Magic
 + Level 4.6 Air Magic
 + Level 4.6 Earth Magic
 + Level 4.6 Poison Magic
 + Level 6.1 Invocations
 + Level 5.6 Evocations


You had 10 spell levels left.
You knew the following spells:

 Your Spells              Type           Power      Damage    Failure   Level
a - Beastly Appendage     Tmut           46%        N/A       1%          1
b - Wereblood             Tmut           23%        N/A       1%          2
c - Spider Form           Tmut/Pois      21%        N/A       4%          3
d - Ice Form              Ice/Tmut       21%        N/A       14%         4
e - Cause Fear            Hex            9%         N/A       19%         4

Your spell library contained the following spells:

 Spells                   Type           Power      Damage    Failure   Level
 Dragon Form              Tmut           11%        N/A       100%        7
 Dragon's Call            Summ           9%         N/A       100%        9


Dungeon Overview and Level Annotations

Branches:
Dungeon (8/15)             Temple (1/1) D:4         Ossuary (visited)
   Lair: D:8-11

Altars:
Ashenzari
Cheibriados
Dithmenos
Elyvilon
Fedhas
Gozag
Kikubaaqudgha
Makhleb
Okawaru
Qazlal
Ru
Sif Muna
Trog
Uskayaw
Vehumet
Xom
Yredelemnul
Zin
The Shining One

Shops:
D:4 [

Annotations:
D:3 2 transporters
D:7 2 transporters, zhov's ghost, novice VSFi
D:8 Amaemon; Maurice


Innate Abilities, Weirdness & Mutations

You are a creature of crystalline ice.
You have a powerful freezing melee attack.
You are amphibious.
Your maximum health is increased.
Your armour is entirely melded.
You are incapable of wielding weapons or throwing items.
((You have very sharp teeth.))
Your uncanny sense of smell can sniff out nearby items.
Your experience applies equally to all skills.
((You are partially covered in iridescent scales. (AC +2)))
You are clumsy. (Dex -2)
You expend magic power (3 MP) to strengthen your wands.


Message History

Your +0 pair of boots melds into your body.
Your +0 leather armour of cold resistance melds into your body.
You feel less resistant to cold.
Casting: Ice Form (dangerous; 14% risk of failure)
Confirm with . or Enter, or press ? or * to list all spells.
Your blood is infused with primal strength.
A centaur comes into view.
The orc warrior hits you with a +0 scimitar.
You barely miss the orc warrior. The orc warrior barely misses you.
The two-headed ogre hits you with a +0 giant club!
The two-headed ogre closely misses you.
You punch the orc warrior! You freeze the orc warrior.
The orc warrior is severely wounded.
You block the orc warrior's attack.
The centaur shouts!
You hit the orc warrior. You freeze the orc warrior.
The orc warrior is severely wounded.
The two-headed ogre hits you with a +0 giant club!!
The two-headed ogre barely misses you. You block the orc warrior's attack.
You punch the two-headed ogre! You freeze the two-headed ogre.
The two-headed ogre is heavily wounded.
The centaur wields a +0 shortbow.
The centaur shoots an arrow.
The arrow misses you.
The arrow hits the orc!
The orc dies!
The orc warrior completely misses you. The two-headed ogre closely misses you.
The two-headed ogre hits you with a +0 giant spiked club.
You hit the two-headed ogre but do no damage.
The two-headed ogre is heavily wounded.
The centaur shoots an arrow.
You reflect the arrow off an invisible shield around you!
The arrow hits the centaur!
Unknown command.
You hit the two-headed ogre. You freeze the two-headed ogre.
The two-headed ogre is heavily wounded.
You block the orc warrior's attack.
The two-headed ogre hits you with a +0 giant club!!
* * * LOW HITPOINT WARNING * * *
The two-headed ogre hits you with a +0 giant spiked club!!
You die...
Your body crumbles into a pile of gold.

..........#........
..............K... ..
...........#.#...# ...
.............##..# ....
..........##.##..##....
.........###...>.......
..........# #.#.........
..........#####Oo$....##
.........#.....Y.......
##.............####.#..
#........c....# #...# ..
##....o......## #..####.##
#...........# #........
##..........# ### ##......#
##..........## #.###........
###..........#####<........#
..#.............##.........#


You could see a two-headed ogre, an orc warrior, a centaur and a kobold
(wandering).

Vanquished Creatures
  A centaur warrior (D:8)
  A hornet (D:8)
  Grinder (D:3)
  Sigmund (D:5)
  A wyvern (D:8)
  A yak (D:8)
  Eustachio (D:4)
  A steam dragon (D:7)
  Duvessa (D:7)
  3 ice beasts
  An orc warrior (D:7)
  2 black bears (D:7)
  4 ogres
  3 phantoms
  3 kobold brigands
  An elf zombie (D:7)
  2 bullfrogs
  2 water moccasin zombies (Ossuary)
  An elf skeleton (D:7)
  4 scorpions
  Dowan (D:7)
  5 killer bees (D:7)
  A howler monkey (D:7)
  2 human zombies (D:7)
  3 hounds
  A bouda (D:6)
  2 orc priests
  2 human skeletons (D:7)
  5 iguanas
  Terence (D:3)
  7 orc wizards
  Ijyb (D:3)
  2 mummies (Ossuary)
  11 gnolls
  12 adders
  2 ufetubi
  6 adder zombies (Ossuary)
  A worm (D:5)
  23 orcs
  4 bats
  8 endoplasms
  A giant cockroach (D:1)
  5 gnoll zombies (Ossuary)
  11 goblins
  10 hobgoblins
  14 jackals
  2 quokkas (D:1)
  2 training dummies (D:7)
  9 ball pythons
  7 frilled lizards
  4 hobgoblin zombies (Ossuary)
  17 kobolds
  5 kobold zombies (Ossuary)
  10 orc zombies (Ossuary)
  5 rats
237 creatures vanquished.

Vanquished Creatures (others)
  An orc (D:8)
  19 plants
20 creatures vanquished.

Grand Total: 257 creatures vanquished

Notes
Turn   | Place    | Note
-------+----------+-------------------------------------------
     0 | D:1      | nicolae the Gnoll Transmuter began the quest for the Orb.
     0 | D:1      | Reached XP level 1. HP: 17/17 MP: 6/6
   129 | D:1      | Reached XP level 2. HP: 16/23 MP: 5/7
   248 | D:1      | Learned a level 2 spell: Wereblood
   750 | D:1      | Reached skill level 5 in Spellcasting
   750 | D:1      | Reached XP level 3. HP: 24/28 MP: 7/9
  1111 | D:1      | Reached skill level 1 in Invocations
  1505 | D:2      | Reached skill level 1 in Short Blades
  1505 | D:2      | Reached skill level 1 in Long Blades
  1505 | D:2      | Reached skill level 1 in Axes
  1505 | D:2      | Reached skill level 1 in Maces & Flails
  1505 | D:2      | Reached skill level 1 in Polearms
  1505 | D:2      | Reached skill level 1 in Staves
  1505 | D:2      | Reached skill level 1 in Ranged Weapons
  1505 | D:2      | Reached skill level 1 in Throwing
  1505 | D:2      | Reached skill level 1 in Armour
  1505 | D:2      | Reached skill level 1 in Stealth
  1505 | D:2      | Reached skill level 1 in Shields
  1505 | D:2      | Reached skill level 1 in Evocations
  1509 | D:2      | HP: 2/42 [poisoned by an adder]
  2047 | D:2      | Reached XP level 4. HP: 25/34 MP: 11/11
  2349 | D:2      | Found a faded altar of an unknown god.
  2465 | D:2      | Reached skill level 1 in Conjurations
  2465 | D:2      | Reached skill level 1 in Hexes
  2465 | D:2      | Reached skill level 1 in Summonings
  2465 | D:2      | Reached skill level 1 in Necromancy
  2465 | D:2      | Reached skill level 1 in Translocations
  2465 | D:2      | Reached skill level 1 in Fire Magic
  2465 | D:2      | Reached skill level 1 in Ice Magic
  2465 | D:2      | Reached skill level 1 in Air Magic
  2465 | D:2      | Reached skill level 1 in Earth Magic
  2465 | D:2      | Reached skill level 1 in Poison Magic
  2916 | D:2      | Learned a level 3 spell: Spider Form
  2921 | D:2      | Learned a level 4 spell: Ice Form
  3364 | D:3      | Reached XP level 5. HP: 22/41 MP: 9/12
  3625 | D:3      | Found a transporter.
  3639 | D:3      | You are sucked into a shaft and drop 1 floor!
  3639 | D:4      | Found a blossoming altar of Fedhas.
  3862 | D:4      | Noticed an ogre
  3874 | D:4      | Killed an ogre
  3875 | D:4      | Reached skill level 5 in Dodging
  3875 | D:4      | Reached XP level 6. HP: 30/47 MP: 12/14
  4042 | D:4      | Found a sacrificial altar of Ru.
  4495 | D:4      | Reached skill level 7 in Unarmed Combat
  4495 | D:4      | Reached XP level 7. HP: 22/52 MP: 13/15
  4842 | D:3      | Found a transporter.
  4858 | D:3      | Noticed Grinder
  4881 | D:3      | Paralysed by Grinder for 2 turns
  4887 | D:3      | Killed Grinder
  5332 | D:3      | Noticed Terence
  5358 | D:3      | Killed Terence
  5672 | D:3      | Noticed Ijyb
  5684 | D:3      | Killed Ijyb
  5987 | D:4      | Noticed Eustachio
  5999 | D:4      | Gained mutation: You occasionally lose the ability to read
                  | scrolls when taking damage. [potion of mutation]
  6000 | D:4      | Lost mutation: You occasionally lose the ability to read
                  | scrolls when taking damage. [potion of mutation]
  6000 | D:4      | Gained mutation: You expend magic power (3 MP) to
                  | strengthen your wands. [potion of mutation]
  6000 | D:4      | Gained mutation: You are clumsy. (Dex -2) [potion of
                  | mutation]
  6000 | D:4      | Gained mutation: You are partially covered in iridescent
                  | scales. (AC +2) [potion of mutation]
  6025 | D:4      | Found Vyeps's Antique Armour Emporium.
  6328 | D:4      | Bought a dyed leather armour for 135 gold pieces
  6453 | D:4      | Found a staircase to the Ecumenical Temple.
  6460 | D:4      | Killed Eustachio
  6461 | D:4      | Reached XP level 8. HP: 60/60 MP: 13/16
  6510 | Temple   | Entered the Ecumenical Temple
  6883 | D:5      | Entered Level 5 of the Dungeon
  6901 | D:5      | Noticed Sigmund
  6912 | D:5      | Killed Sigmund
  7432 | D:5      | Reached skill level 5 in Transmutations
  7699 | D:6      | Reached XP level 9. HP: 66/66 MP: 14/18
  7846 | D:6      | Found a white marble altar of Elyvilon.
  7973 | D:6      | Reached skill level 5 in Fighting
  8159 | D:6      | Found an opulent altar of Gozag.
  8184 | D:6      | Became a worshipper of Gozag Ym Sagoz the Greedy
  8619 | D:7      | Reached skill level 8 in Unarmed Combat
  8624 | D:7      | Found a transporter.
  8624 | D:7      | Noticed a cyclops
  8627 | D:7      | Noticed zhov's ghost (novice VSFi)
  8650 | D:7      | Reached skill level 5 in Invocations
  8657 | D:7      | Noticed a gargoyle
  8664 | D:7      | Found a transporter.
  9147 | D:7      | Found a sand-covered staircase.
  9180 | Ossuary  | Entered an ossuary
  9487 | D:7      | Reached skill level 5 in Short Blades
  9487 | D:7      | Reached skill level 5 in Long Blades
  9487 | D:7      | Reached skill level 5 in Axes
  9487 | D:7      | Reached skill level 5 in Maces & Flails
  9487 | D:7      | Reached skill level 5 in Polearms
  9487 | D:7      | Reached skill level 5 in Staves
  9487 | D:7      | Reached skill level 5 in Ranged Weapons
  9487 | D:7      | Reached skill level 5 in Throwing
  9487 | D:7      | Reached skill level 5 in Armour
  9487 | D:7      | Reached skill level 5 in Stealth
  9487 | D:7      | Reached skill level 5 in Shields
  9487 | D:7      | Reached skill level 5 in Evocations
  9487 | D:7      | Reached XP level 10. HP: 76/76 MP: 20/20
  9504 | D:7      | Noticed Duvessa
  9504 | D:7      | Noticed Dowan
  9518 | D:7      | Killed Dowan
  9523 | D:7      | Killed Duvessa
  9798 | D:7      | Found an ancient bone altar of Kikubaaqudgha.
  9798 | D:7      | Found a snail-covered altar of Cheibriados.
  9799 | D:7      | Found a shimmering blue altar of Sif Muna.
  9979 | D:8      | Noticed Maurice
  9985 | D:8      | Noticed Amaemon
  9985 | D:8      | Noticed an orange demon
 10170 | D:8      | Learned a level 4 spell: Cause Fear
 10291 | D:8      | Noticed a centaur warrior
 10299 | D:8      | Killed a centaur warrior
 10404 | D:8      | Noticed a two-headed ogre
 10444 | D:8      | Mangled by a two-headed ogre

Illustrated notes

Levels and vault maps discovered:
D:1:      shiori_shiawase, layout_loops_corners
D:2:      layout_basic, shapermc_ecumenical_altar_starsandcircs,
          hangedman_abyss_or_decor_lesser_grid, kennysheep_generic_room_3
D:3:      gammafunk_steamed_eel, layout_basic, serial_bayou_lake_a,
          uniq_terence, uniq_ijyb, uniq_grinder
D:4:      layout_rooms, mainiacjoe_overflow_24_doors, nicolae_ru_awakened_eye,
          minmay_temple_entry_nine_rooms, serial_shops, nicolae_shop_crystal,
          chequers_jeans, uniq_eustachio
D:5:      layout_loops_cross, uniq_sigmund
D:6:      layout_loops_cross, elyvilon_altar_5,
          mainiacjoe_overflow_small_starburst, minivault_11
D:7:      dreamdust_elfheim, layout_rooms, gammafunk_temple_overflow_forgotten,
          nicolae_ossuary_entry_catacombs, gammafunk_ghost_arena,
          minmay_strange_pillars
D:8:      minmay_chambers_of_sixes, layout_cave_pools,
          nemelex_spade_bored_becter, minmay_microvault, uniq_maurice,
          uniq_amaemon
Temple:   hellmonk_temple_flake

Skill      XL: |  1  2  3  4  5  6  7  8  9 10 |
---------------+-------------------------------+-----
Spellcasting   | 5 6 7 |  7.6
Invocations    | 1 2 3 4 5 6 |  6.1
Short Blades   | 1 2 3 5 |  5.6
Long Blades    | 1 2 3 5 |  5.6
Axes           | 1 2 3 5 |  5.6
Maces & Flails | 1 2 3 5 |  5.6
Polearms       | 1 2 3 5 |  5.6
Staves         | 1 2 3 5 |  5.6
Ranged Weapons | 1 2 3 5 |  5.6
Throwing       | 1 2 3 5 |  5.6
Armour         | 1 2 3 5 |  5.6
Stealth        | 1 2 3 5 |  5.6
Shields        | 1 2 3 5 |  5.6
Evocations     | 1 2 3 5 |  5.6
Conjurations   | 1 2 3 4 |  4.6
Hexes          | 1 2 3 4 |  4.6
Summonings     | 1 2 3 4 |  4.6
Necromancy     | 1 2 3 4 |  4.6
Translocations | 1 2 3 4 |  4.6
Fire Magic     | 1 2 3 4 |  4.6
Ice Magic      | 1 2 3 4 |  4.6
Air Magic      | 1 2 3 4 |  4.6
Earth Magic    | 1 2 3 4 |  4.6
Poison Magic   | 1 2 3 4 |  4.6
Fighting       | 3 4 5 6 |  6.2
Transmutations | 4 5 6 |  6.0
Dodging        | 5 6 7 |  7.3
Unarmed Combat | 7 8 |  8.7

Action                   |  1- 3 |  4- 6 |  7- 9 | 10-12 || total
-------------------------+-------+-------+-------+-------++-------
Melee: Unarmed           |   106 |   181 |   417 |    84 ||   788
       Kick              |     7 |    12 |    14 |       ||    33
       Headbutt          |     2 |     8 |    10 |       ||    20
       Bite              |     5 |    14 |    13 |     3 ||    35
       Punch             |     3 |     6 |     9 |     1 ||    19
 Cast: Beastly Appendage |     6 |    10 |     6 |       ||    22
       Wereblood         |       |     6 |    13 |     3 ||    22
       Ice Form          |       |     1 |    22 |     9 ||    32
       Spider Form       |       |       |     5 |       ||     5
Evoke: Wand              |       |       |     1 |       ||     1
  Use: Potion            |     2 |     4 |     4 |     1 ||    11
       Scroll            |       |     2 |    10 |     3 ||    15
 Stab: Sleeping          |     2 |     1 |     8 |     1 ||    12
Armor: Robe              |    12 |    27 |       |       ||    39
       Skin              |     1 |     6 |    60 |    14 ||    81
       Leather armour    |       |       |    19 |     3 ||    22
Dodge: Dodged            |    64 |    93 |   301 |    72 ||   530
Block: Other             |       |       |    81 |    20 ||   101
       Reflection        |       |       |     2 |     2 ||     4

Table legend: (Time is in decaauts)
 A = Elapsed time spent in this place.
 B = Non-inter-level travel time spent in this place.
 C = Inter-level travel time spent in this place.
 D = Time resting spent in this place.
 E = Time spent auto-exploring this place.
 F = Levels seen in this place.
 G = Mean time per level.
                   A        B        C        D        E       F      G
               +--------+--------+--------+--------+--------+-----+--------+
         Total |  10314 |   9999 |    315 |   2738 |   4695 |  10 | 1031.4 |
       Dungeon |   9929 |   9629 |    300 |   2738 |   4565 |   8 | 1241.1 |
        Temple |    158 |    143 |     15 |      0 |    130 |   1 |  158.0 |
       Ossuary |    225 |    225 |      0 |      0 |      0 |   1 |  225.0 |
               +--------+--------+--------+--------+--------+-----+--------+

Top non-repeatable levels by time:
     D:4: 1847 daAuts
     D:2: 1714 daAuts
     D:3: 1617 daAuts
     D:1: 1475 daAuts
     D:6: 1203 daAuts
     D:7: 960 daAuts
     D:5: 781 daAuts
     D:8: 328 daAuts
 Ossuary: 225 daAuts
  Temple: 158 daAuts
